AoeStats
← ccereal

Black Forest

509937879Analyzed
4v4 RM · 3d ago on Sep 28, 2026· 48m 57s· 8 players
Game mode
Random Map
Map size
Large (8 player)
Population
200
Speed
Normal
Resources
Standard
Victory
Conquest
Starting age
Dark Age
Ending age
Imperial Age
RankedLock teamsTeams togetherTeam positionsShared explorationLock speedFull tech treeHidden civsTurbo modeCheats
Victory
Defeat
🇫🇷 Britons · France
1599
+12
🇫🇷 Saracens · France
1510
+16
🇩🇪 Khmer · Germany
1507
+16
🇫🇷 Ethiopians · France
1425
+19
🇭🇰 Sicilians · Hong Kong SAR China
1517
-16
🇨🇳 Spanish · China
1511
-16
🇩🇪 Persians · Germany
1506
-16
🇨🇳 Georgians · China
1495
-15
oy
11:57 Feudal Age
13:12 Double-Bit Axe
15:52 Castle Age
14:47 Fishing Lines
17:08 Bow Saw
18:59 Gillnets
20:18 Wheelbarrow
21:43 Stone Mining
21:53 Loom
23:12 Bloodlines
23:02 Husbandry
23:28 Horse Collar
25:12 Scale Barding Armor
27:40 Chain Barding Armor
28:29 Forging
28:25 Husbandry
32:25 Imperial Age
30:17 Gold Mining
31:59 Stone Shaft Mining
32:35 Iron Casting
32:40 Herbal Medicine
33:11 Hand Cart
33:30 Conscription
33:40 Heavy Plow
33:37 Elite Monaspa
35:34 Blast Furnace
35:12 Plate Barding Armor
35:43 Blast Furnace
35:29 Conscription
35:56 Conscription
38:03 Aznauri Cavalry
38:03 Svan Towers
38:39 Ballistics
39:06 Guard Tower
39:14 Fletching
39:30 Town Watch
39:49 Arrowslits
40:06 Bodkin Arrow
41:57 Keep
41:32 Fortified Wall
41:19 Murder Holes
41:48 Bracer
42:05 Caravan
42:49 Masonry
43:14 Treadmill Crane
46:07 Architecture
45:19 Pikeman
46:12 Scale Mail Armor
jardan1234
0:41 Loom
10:25 Feudal Age
20:19 Castle Age
曾经沧海难为水
0:34 Loom
12:00 Feudal Age
19:02 Castle Age
17:30 Double-Bit Axe
19:02 Horse Collar
38:59 Elite Skirmisher
41:27 Fletching
41:37 Padded Archer Armor
42:57 Bodkin Arrow
43:17 Leather Archer Armor
43:36 Leather Archer Armor
44:33 Gold Mining
45:32 Pikeman
46:12 Squires
45:57 Gambesons
45:58 Arson
46:56 Scale Barding Armor
47:04 Forging
46:54 Scale Mail Armor
Tsunade
12:35 Feudal Age
16:23 Castle Age
14:33 Double-Bit Axe
14:29 Horse Collar
17:06 Bow Saw
17:04 Fishing Lines
19:22 Town Watch
21:20 Gillnets
23:11 Wheelbarrow
24:22 Hand Cart
24:29 Stone Mining
26:10 Loom
27:46 Gold Mining
31:32 Imperial Age
30:10 Town Patrol
30:29 Heavy Plow
32:42 Gold Shaft Mining
32:43 Stone Shaft Mining
32:15 Scale Barding Armor
32:12 Husbandry
32:23 Bloodlines
33:03 Masonry
33:18 Chain Barding Armor
33:28 Ballistics
34:09 Chemistry
33:23 Masonry
34:14 Chemistry
34:32 Two-Man Saw
34:03 Crop Rotation
34:30 Conscription
33:32 Elite War Elephant
35:44 Fletching
36:29 Plate Barding Armor
36:17 Ballistics
36:27 Architecture
36:20 Ballistics
36:33 Conscription
36:52 Bodkin Arrow
37:09 Forging
36:57 Murder Holes
38:16 Guilds
39:52 Coinage
41:22 Iron Casting
41:01 Citadels
40:58 Padded Archer Armor
42:42 Kamandaran
43:20 Hoardings
42:10 Elite Skirmisher
42:56 Thumb Ring
42:13 Crossbowman
43:19 Parthian Tactics
43:12 Leather Archer Armor
43:58 Blast Furnace
45:00 Ring Archer Armor
Tonymontana
6:21 Loom
8:44 Feudal Age
9:57 Double-Bit Axe
13:26 Fletching
14:51 Padded Archer Armor
25:01 Castle Age
25:03 Horse Collar
25:15 Gold Mining
25:08 Crossbowman
25:57 Thumb Ring
25:52 Bodkin Arrow
26:26 Bow Saw
26:17 Heavy Plow
31:51 Thumb Ring
33:20 Wheelbarrow
32:31 Town Watch
33:36 Ballistics
37:56 Hand Cart
37:42 Town Patrol
41:23 Imperial Age
40:05 Gold Shaft Mining
39:20 Stone Mining
40:13 Masonry
41:29 Arbalester
42:12 Bracer
43:16 Chemistry
44:11 Leather Archer Armor
44:30 Architecture
46:31 Conscription
ccereal
8:42 Feudal Age
9:29 Double-Bit Axe
11:55 Fletching
13:28 Padded Archer Armor
16:02 Loom
20:46 Castle Age
19:05 Horse Collar
20:06 Gold Mining
20:49 Crossbowman
21:42 Bodkin Arrow
28:50 Wheelbarrow
29:26 Bow Saw
33:44 Imperial Age
32:35 Leather Archer Armor
32:42 Ballistics
32:23 Heavy Plow
32:59 Gold Shaft Mining
32:14 Stone Mining
32:41 Hand Cart
32:11 Town Watch
33:02 Stone Mining
34:26 Bracer
34:57 Ring Archer Armor
33:48 Arbalester
35:38 Two-Man Saw
35:47 Chemistry
36:12 Conscription
42:04 Yeomen
p0n0n0
8:36 Loom
11:30 Feudal Age
14:57 Castle Age
12:55 Double-Bit Axe
16:07 Bow Saw
17:48 Horse Collar
25:18 Wheelbarrow
25:23 Wheelbarrow
30:51 Hand Cart
35:03 Imperial Age
33:02 Tusk Swords
34:05 Heavy Plow
34:28 Gold Mining
34:30 Stone Mining
34:58 Bloodlines
34:53 Husbandry
36:50 Scale Barding Armor
36:56 Forging
36:09 Elite Battle Elephant
37:13 Conscription
36:15 Elite Ballista Elephant
38:32 Chain Barding Armor
39:16 Stone Shaft Mining
39:44 Iron Casting
42:28 Crop Rotation
42:34 Gold Shaft Mining
45:31 Double Crossbow
46:24 Light Cavalry
48:38 Hussar
Flybidi
11:35 Feudal Age
12:07 Fishing Lines
15:06 Castle Age
13:32 Double-Bit Axe
16:11 Wheelbarrow
16:41 Bow Saw
17:34 Gillnets
19:29 Gold Mining
21:49 Hand Cart
25:08 Gold Shaft Mining
24:15 Horse Collar
24:27 Stone Mining
25:24 Heavy Plow
25:20 Loom
25:21 Town Watch
29:24 Imperial Age
27:51 Scale Barding Armor
28:52 Coinage
29:25 Chain Barding Armor
29:15 Forging
29:47 Elite Mameluke
30:48 Conscription
31:03 Banking
31:32 Iron Casting
31:33 Plate Barding Armor
31:45 Fletching
32:18 Conscription
32:22 Bloodlines
32:12 Husbandry
32:19 Caravan
32:19 Elite Mameluke
34:12 Padded Archer Armor
35:13 Blast Furnace
36:22 Chemistry
35:45 Bodkin Arrow
35:51 Scale Mail Armor
37:25 Bimaristan
40:05 Two-Man Saw
Connection lost

Rejoining the realm…

Still unreachable

The connection could not be restored.

Session expired

The server has moved on; the page needs a fresh start.